 Dungeon Crawl Stone Soup version 0.25.1-2-g60ff931df9 (webtiles) character file.

Game seed: 9709027101726625905

4725 BlackAdder the Spear-Bearer (level 10, -11/79 HPs)
             Began as a Merfolk Gladiator on Aug 9, 2020.
             Was a Follower of Nemelex Xobeh.
             Splashed by a gnoll sergeant's acid (14 damage)
             ... on level 8 of the Dungeon on Aug 10, 2020.
             The game lasted 01:46:58 (11725 turns).

BlackAdder the Spear-Bearer (Merfolk Gladiator)    Turns: 11725, Time: 01:46:59

Health: -11/79     AC:  4    Str: 18    XL:     10   Next: 45%
Magic:  16/16      EV: 14    Int:  8    God:    Nemelex Xobeh [*.....]
Gold:   587        SH:  5    Dex: 15    Spells: 17/17 levels left

rFire    + . .     SeeInvis .   a - +1 trident
rCold    . . .     Gourm    .   (no shield)
rNeg     . . .     Faith    .   e - +0 ring mail
rPois    .         Spirit   .   q - +0 helmet
rElec    .         Reflect  +   (no cloak)
rCorr    .         Harm     .   (no gloves)
MR       +....                  i - +0 pair of boots
Stlth    ++........             y - amulet of reflection
HPRegen  0.23/turn              j - ring of protection from magic
MPRegen  0.15/turn              A - ring of protection from fire

@: corroded, studying Ice Magic
A: change form in water, swift swim, stealthy swim
a: Draw Escape, Draw Destruction, Draw Summoning, Renounce Religion


You were on level 8 of the Dungeon.
You worshipped Nemelex Xobeh.
Nemelex Xobeh was aware of your devotion.
You were not hungry.

You visited 1 branch of the dungeon, and saw 8 of its levels.

You collected 587 gold pieces.

Inventory:

Hand Weapons
 a - a +1 trident (weapon)
 m - a +0 halberd
 u - a +0 scythe
Missiles
 c - 7 boomerangs of dispersal
 d - 3 throwing nets
 t - 7 poisoned darts (quivered)
Armour
 e - a +0 ring mail (worn)
 i - a +0 pair of boots (worn)
 q - a +0 helmet (worn)
Jewellery
 j - a ring of protection from magic (left hand)
 y - an amulet of reflection (around neck)
 A - a ring of protection from fire (right hand)
Wands
 h - a wand of disintegration (11)
 n - a wand of flame (24)
 w - a wand of random effects (23)
 D - a wand of iceblast (6)
Scrolls
 o - 2 scrolls of amnesia
 p - 4 scrolls of teleportation
 s - a scroll of fog
 v - 3 scrolls of remove curse
 B - a scroll of magic mapping
 C - a scroll of blinking
Potions
 b - 5 potions of curing
 g - 3 potions of cancellation
 k - 2 potions of lignification
 l - a potion of stabbing
 z - 2 potions of flight
 E - a potion of berserk rage {unknown}
Books
 x - a manual of Ice Magic
Comestibles
 f - 11 rations


   Skills:
 * Level 7.4 Fighting
 * Level 12.9 Polearms
 + Level 4.2 Throwing
 + Level 3.5 Armour
 + Level 5.6 Dodging
 + Level 4.8 Stealth
 * Level 4.2 Spellcasting
 * Level 5.5 Ice Magic


You had 17 spell levels left.
You didn't know any spells.
Your spell library contained the following spells:

 Spells                   Type           Power        Failure   Level  Hunger
 Ensorcelled Hibernation  Hex/Ice        #.....       24%         2    ###....
 Corona                   Hex            #......      45%         1    #......
 Confusing Touch          Hex            #.......     83%         3    ###....
 Dazzling Flash           Conj/Hex       #.....       83%         3    ###....
 Tukima's Dance           Hex            #.......     83%         3    ###....
 Cause Fear               Hex            #.........   99%         4    #####..
 Silence                  Hex/Air        #.........   100%        5    ######.
 Yara's Violent Unravell  Hex/Tmut       #.........   100%        5    ######.
 Discord                  Hex            #.........   100%        8    #######


Dungeon Overview and Level Annotations

Branches:
Dungeon (8/15)             Temple (0/1) D:6
   Lair: D:8-11

Altars:
Nemelex Xobeh
Vehumet


Message History

Aim: a gnoll sergeant, wielding a +0 spear, wearing a +0 ring mail, wearing a +0 kite shield and carrying a wand of acid (9)
You reach to attack!
The gnoll sergeant blocks your attack.
The gnoll sergeant zaps a wand.
The bolt of acid hits you!!
You are splashed with acid!
The gnoll sergeant zaps a wand.
The bolt of acid hits you! The acid corrodes you!
You are splashed with acid!
* * * LOW HITPOINT WARNING * * *
You feel better.
You feel better.
The gnoll sergeant hits you from afar with a +0 spear!
You draw a card...
You have drawn the Dance.
The gnoll sergeant hits you from afar with a +0 spear.
* * * LOW HITPOINT WARNING * * *
You feel better.
The gnoll sergeant completely misses you.
The gnoll sergeant zaps a wand.
The bolt of acid hits you!!
* * * LOW HITPOINT WARNING * * *
You are splashed with acid!
You die...
Your body disappears without a glow.

#≈##..#.# ##.....##
#≈#.(.#)####.......##
#≈#)#.#.).))........#
#≈#)#.######.......## .
. #≈#(#.# ##)....##
.'..####≈.(..# ##...##
#(..(..(#.### ##.##
≈≈.(((..≈..###########.#
8(((####≈..g..@(.......#
≈(. #≈#)##########..# .
#≈......... #..#
#≈.....###. #..#
......≈#g##.# #..#
##....≈..# .# #..#
#....##=# # #.<# #....
#.# ≈≈≈≈#. ..#


You could see a gnoll sergeant and a friendly -1 hand axe (summoned).

Vanquished Creatures
  A two-headed ogre (D:8)
  A hornet (D:8)
  2 hippogriffs (D:8)
  Sigmund (D:2)
  2 hungry ghosts
  The ghost of Superazbuka the Magician, an amateur DEEE (D:4)
  An orc warrior (D:8)
  A phantom (D:4)
  2 sky beasts (D:5)
  An ice beast (D:8)
  5 ogres
  2 centaurs
  3 bullfrogs
  4 scorpions
  A killer bee (D:8)
  2 howler monkeys (D:8)
  2 jellies (D:8)
  4 crimson imps
  4 hounds
  4 orc priests
  A centaur skeleton (D:5)
  9 orc wizards
  2 bullfrog skeletons
  Terence (D:3)
  7 iguanas
  9 worker ants
  A hound zombie (D:6)
  Robin (D:3)
  6 gnolls
  7 adders
  A shadow imp (D:5)
  An ooze (D:3)
  3 adder skeletons
  A worm (D:2)
  3 leopard geckos
  24 orcs
  3 giant cockroaches
  10 hobgoblins
  14 jackals
  4 kobolds
  4 quokkas
  2 ball pythons
  5 bats
  4 frilled lizards
  12 goblins
  A leopard gecko skeleton (D:5)
  A rat (D:2)
181 creatures vanquished.

Vanquished Creatures (others)
  An orc wizard (D:4)
1 creature vanquished.

Grand Total: 182 creatures vanquished

Notes
Turn   | Place    | Note
-------+----------+-------------------------------------------
     0 | D:1      | BlackAdder the Merfolk Gladiator began the quest for the
                  | Orb.
     0 | D:1      | Reached XP level 1. HP: 16/16 MP: 1/1
   521 | D:1      | Reached XP level 2. HP: 22/22 MP: 2/2
  1217 | D:2      | Reached skill level 5 in Polearms
  1217 | D:2      | Reached skill level 1 in Stealth
  1217 | D:2      | Reached XP level 3. HP: 28/28 MP: 3/3
  1349 | D:2      | Noticed Sigmund
  1655 | D:3      | Reached XP level 4. HP: 34/34 MP: 4/4
  2000 | D:3      | Noticed Robin
  2017 | D:3      | Killed Robin
  2610 | D:2      | Noticed Terence
  2623 | D:3      | Killed Terence
  2623 | D:3      | Reached skill level 6 in Polearms
  2623 | D:3      | Reached XP level 5. HP: 40/41 MP: 5/5
  2846 | D:2      | Reached skill level 1 in Armour
  3306 | D:4      | Noticed an ogre
  3323 | D:4      | Noticed an ogre
  3381 | D:4      | Found a radiant altar of Vehumet.
  3420 | D:4      | Reached XP level 6. HP: 22/48 MP: 6/6
  3661 | D:4      | Reached skill level 7 in Polearms
  3973 | D:4      | Reached skill level 8 in Polearms
  4030 | D:4      | Reached XP level 7. HP: 54/54 MP: 7/7
  4268 | D:4      | Reached skill level 1 in Spellcasting
  4550 | D:5      | Entered Level 5 of the Dungeon
  5045 | D:4      | Found a runed translucent door.
  5050 | D:4      | Noticed Superazbuka's ghost (amateur DEEE)
  5059 | D:4      | Reached skill level 9 in Polearms
  5129 | D:4      | Killed Superazbuka's ghost
  5572 | D:5      | Reached XP level 8. HP: 49/61 MP: 10/10
  5586 | D:5      | Reached skill level 5 in Fighting
  5838 | D:5      | Reached skill level 10 in Polearms
  6851 | D:5      | Reached skill level 5 in Dodging
  6927 | D:5      | Reached skill level 11 in Polearms
  7344 | D:2      | Killed Sigmund
  7344 | D:2      | Reached XP level 9. HP: 60/69 MP: 12/12
  7422 | D:2      | Found a sparkling altar of Nemelex Xobeh.
  7430 | D:2      | Became a worshipper of Nemelex Xobeh the Trickster
  7887 | D:6      | Found a staircase to the Ecumenical Temple.
  7906 | D:6      | Received a gift from Nemelex Xobeh
  8254 | D:6      | Identified a scroll of acquirement
  8254 | D:6      | Acquired a manual of Ice Magic
  8575 | D:6      | Reached skill level 1 in Ice Magic
  8800 | D:7      | Reached * piety under Nemelex Xobeh
  9335 | D:7      | Reached skill level 12 in Polearms
 10338 | D:8      | Received a gift from Nemelex Xobeh
 10583 | D:8      | Reached XP level 10. HP: 40/77 MP: 15/15
 10786 | D:8      | Noticed a two-headed ogre
 10816 | D:8      | Killed a two-headed ogre
 10816 | D:8      | Reached skill level 5 in Ice Magic
 11725 | D:8      | HP: 3/79 [gnoll sergeant/bolt of acid (25)]
 11725 | D:8      | Splashed by a gnoll sergeant's acid

Illustrated notes

Levels and vault maps discovered:
D:1:      sevenhm_arrival_forest_fort_small_4, layout_loops_ring,
          kennysheep_small_spiral
D:2:      layout_basic, nemelex_altar_shiori, minmay_misc_feat_ornament,
          uniq_sigmund, uniq_terence
D:3:      layout_basic, minmay_unequal, uniq_robin
D:4:      minmay_inner_zag, layout_basic, ebering_ghost_reflecting_pool,
          first_ration, vehumet_altar_wand_db
D:5:      layout_basic
D:6:      layout_basic, minmay_temple_entry_arrows
D:7:      layout_layer_cave
D:8:      cheibrodos_ideogram_h, layout_loops_ring

Skill      XL: |  1  2  3  4  5  6  7  8  9 10 |
---------------+-------------------------------+-----
Polearms       | 5 6 8 9 11 12 | 12.9
Stealth        | 1 2 3 4 |  4.8
Fighting       | 3 4 6 7 |  7.4
Armour         | 1 2 3 |  3.5
Spellcasting   | 1 2 3 4 |  4.2
Dodging        | 5 |  5.6
Ice Magic      | 4 5 |  5.5
Throwing       | 3 4 |  4.2

Action                   |  1- 3 |  4- 6 |  7- 9 | 10-12 || total
-------------------------+-------+-------+-------+-------++-------
Melee: Trident           |    86 |   175 |   530 |    94 ||   885
       Tailslap          |       |       |       |     1 ||     1
Throw: Dart              |       |       |    78 |    47 ||   125
Invok: Draw Summoning    |       |       |       |     1 ||     1
  Use: Scroll            |     6 |     5 |    14 |     1 ||    26
       Potion            |       |       |       |     3 ||     3
 Stab: Sleeping          |     2 |     1 |     4 |       ||     7
       Distracted        |       |       |       |     1 ||     1
  Eat: Chunk             |     2 |     1 |    19 |       ||    22
       Ration            |       |     2 |     2 |     1 ||     5
Armor: Ring mail         |    19 |    34 |    98 |    14 ||   165
Dodge: Dodged            |    45 |    80 |   224 |    50 ||   399
Block: Other             |       |       |    36 |    17 ||    53
       Reflection        |       |       |     4 |     1 ||     5
